 Dungeon Crawl Stone Soup version 0.30-a0-879-ga8ba668304 (webtiles) character file.

Game seed: 16241934113277203479

9303 112233 the Skirmisher (level 11, -7/86 HPs)
             Began as a Formicid Hexslinger on Mar 13, 2023.
             Was a Follower of Qazlal.
             Mangled by a polar bear (24 damage)
             ... on level 11 of the Dungeon.
             The game lasted 00:22:01 (14444 turns).

112233 the Skirmisher (Formicid Hexslinger)        Turns: 14444, Time: 00:22:02

Health: -7/86      AC:  8    Str: 14    XL:     11   Next: 71%
Magic:  0/30       EV: 15    Int: 16    God:    Qazlal [*.....]
Gold:   633        SH: 10    Dex: 16    Spells: 16/24 levels left

rFire   . . .      SeeInvis +    a - +2 sling
rCold   + . .      Faith    .    (no shield)
rNeg    . . .      Spirit   +    v - +1 robe {Will+}
rPois   .          Reflect  .    (helmet unavailable)
rElec   .          Rampage  .    w - +1 cloak
rCorr   .                        n - +0 pair of gloves
Will    ++...                    s - +1 pair of boots
Stlth   +                        m - brooch of Shielding {Spirit SH+8}
HPRegen 0.34/turn                i - ring of magical power
MPRegen 0.22/turn                r - ring of protection from cold

@: invisible
A: permanent stasis, dig shafts and tunnels, antennae 3, four strong arms
a: Dig, Shaft Self, Renounce Religion


You were on level 11 of the Dungeon.
You worshipped Qazlal.
Qazlal was aware of your devotion.
You visited 1 branch of the dungeon, and saw 12 of its levels.

You collected 633 gold pieces.

Inventory:

Hand Weapons
 a - a +2 sling (weapon)
 k - a +2 dagger of electrocution
 p - a +3 vampiric spear
 C - a +0 shortbow
Missiles
 u - 2 throwing nets
Armour
 c - a +1 robe
 n - a +0 pair of gloves (worn)
 s - a +1 pair of boots (worn)
 v - a +1 robe of willpower (worn)
 w - a +1 cloak (worn)
Jewellery
 e - a ring of ice
 g - a ring of protection from fire
 i - a ring of magical power (left hand)
 m - the brooch of Shielding (around neck) {Spirit SH+8}
   (You found it on level 3 of the Dungeon)

   [amulet of guardian spirit]

   It causes incoming damage to be divided between your reserves of health and
   magic.
   SH:        It affects your SH (+8).
 o - an amulet of magic regeneration
 r - a ring of protection from cold (right hand)
 L - an amulet of guardian spirit
Wands
 A - a wand of polymorph (2)
 F - a wand of digging (5)
Scrolls
 b - 2 scrolls of noise
 h - a scroll of fog
 t - 3 scrolls of enchant weapon
 y - 2 scrolls of magic mapping
 z - a scroll of vulnerability
 E - 3 scrolls of fear
 I - 2 scrolls of poison
 J - a scroll of amnesia
 K - a scroll of blinking
Potions
 d - a potion of might {unknown}
 f - 3 potions of attraction
 l - 2 potions of flight
 q - 2 potions of haste
 B - a potion of cancellation
 H - a potion of brilliance


   Skills:
 + Level 8.1 Fighting
 * Level 10.3 Ranged Weapons
 + Level 6.9 Dodging
 + Level 7.2 Spellcasting
 + Level 9.3 Hexes


You had 16 spell levels left.
You knew the following spells:

 Your Spells              Type           Power      Damage    Failure   Level
a - Slow                  Hex            100%       N/A       1%          1
b - Portal Projectile     Hex/Tloc       40%        N/A       5%          3
c - Cause Fear            Hex            17%        N/A       2%          4

Your spell library contained the following spells:

 Spells                   Type           Power      Damage    Failure   Level
 Inner Flame              Hex/Fire       20%        N/A       5%          3
 Magic Dart               Conj           20%        1d4       12%         1
 Call Imp                 Summ           5%         N/A       19%         2
 Mephitic Cloud           Conj/Pois/Air  5%         N/A       36%         3


Dungeon Overview and Level Annotations

Branches:
Dungeon (12/15)            Temple (0/1) D:7
   Lair: D:8-11         Orc: D:9-12

Altars:
Ashenzari
Dithmenos
Fedhas
Gozag
Kikubaaqudgha
Makhleb
Nemelex Xobeh
Qazlal
Ru
Sif Muna
Uskayaw
Vehumet
Wu Jian
Yredelemnul

Shops:
D:2 *   D:7 :

Annotations:
D:5 exclusion: downstairs
D:9 3 runed translucent doors, jovan2203's ghost, novice MiFi
D:10 1 transporter, 3 runed translucent doors, exclusions: 2 downstairs and upstairs, Touch's ghost, novice DjWr
D:11 exclusion: downstairs
D:12 Erolcha


Innate Abilities, Weirdness & Mutations

You cannot be hasted, slowed, berserked, paralysed or teleported.
You can dig through walls and to a lower floor.
You have a pair of large antennae on your head. (SInv)
Your four strong arms can wield two-handed weapons with a shield.


Message History

Fire: a) +2 sling
Press: ? - help, Q - select action, (/) - cycle Shift-Dir - straight line, f/p - polar bear
Aim: a polar bear (severely wounded, unable to see you, 77% to hit)
You magically shoot a sling bullet.
The sling bullet barely misses the polar bear.
The polar bear bites you! The polar bear misses you.
You block the polar bear's attack.
Fire: a) +2 sling
Press: ? - help, Q - select action, (/) - cycle Shift-Dir - straight line, f/p - polar bear
Aim: a polar bear (severely wounded, unable to see you, 77% to hit)
You magically shoot a sling bullet.
The sling bullet hits the polar bear but does no damage.
The polar bear is severely wounded.
You are no longer teleporting projectiles to their destination.
The polar bear completely misses you. You block the polar bear's attack.
The polar bear barely misses you.
Fire: a) +2 sling
Press: ? - help, Q - select action, (/) - cycle Shift-Dir - straight line, f/p - polar bear
Aim: a polar bear (severely wounded, unable to see you, 75% to hit)
You shoot a sling bullet. The sling bullet hits the polar bear.
The polar bear is severely wounded.
You block the polar bear's attack. The polar bear claws you. x2
You are too injured to fight recklessly!
Unknown command.
You are too injured to fight recklessly!
Unknown command.
You shoot a sling bullet.
The sling bullet hits the polar bear but does no damage.
The polar bear is severely wounded.
The polar bear goes berserk!
You shoot a sling bullet.
The sling bullet closely misses the polar bear.
The polar bear bites you!
* * * LOW HITPOINT WARNING * * *
The polar bear closely misses you. You block the polar bear's attack.
Unknown command.
You shoot a sling bullet. The sling bullet hits the polar bear.
The polar bear is severely wounded.
The polar bear bites you!!
You die...

....##...####.#####.####..#.#....
.....##.## #.# #..............
......#.# #.# ######..#.#...#
.....##.# #.# #........#
#...###.# #.# #.####...# ##.##
#.# #.# #.# ##... #.# #.# #(#
#.######## #.####.#
#.##########...>. . #......#
#...@h........# #.. ########
#############.... ..# ## # ##


You could see a polar bear (berserk, unable to see you).

Vanquished Creatures
  2 two-headed ogres
  A cyclops (D:11)
  A hornet (D:5)
  A troll (D:11)
  15 yaks
  3 wyverns
  A fire bat (D:11)
  2 wraiths (D:9)
  A steam dragon (D:6)
  Edmund (D:5)
  A water moccasin (D:5)
  A sky beast (D:7)
  An orc warrior (D:9)
  An ice beast (D:5)
  A wolf (D:11)
  A phantom (D:5)
  2 centaurs
  2 kobold brigands (D:10)
  3 bullfrogs
  2 gnoll sergeants
  6 scorpions
  9 wights
  12 killer bees
  A howler monkey (D:5)
  4 orc priests
  3 hounds
  2 jellies
  3 gnoll boudas
  Terence (D:3)
  2 sleepcaps
  2 iguanas
  6 orc wizards
  2 howler monkey zombies (D:9)
  21 gnolls
  5 adders
  3 ufetubi
  2 worms
  4 dart slugs
  12 orcs
  7 bats
  4 endoplasms
  A giant cockroach (D:1)
  8 goblins
  4 hobgoblins
  2 jackals (D:1)
  16 kobolds
  A quokka (D:1)
  12 ball pythons
  A frilled lizard (D:3)
  5 rats
204 creatures vanquished.

Vanquished Creatures (collateral kills)
  A polar bear (D:11)
  An ice beast (D:11)
  A killer bee (D:10)
  An orc wizard (D:11)
  An orc (D:11)
5 creatures vanquished.

Vanquished Creatures (others)
  A rime drake (D:11)
  2 orc warriors (D:11)
  A human (D:5)
  18 plants
22 creatures vanquished.

Grand Total: 231 creatures vanquished

Notes
Turn   | Place    | Note
-------+----------+-------------------------------------------
     0 | D:1      | 112233 the Formicid Hexslinger began the quest for the Orb.
     0 | D:1      | Reached XP level 1. HP: 15/15 MP: 2/2
   236 | D:1      | Reached XP level 2. HP: 21/21 MP: 3/3
   625 | D:1      | Reached XP level 3. HP: 23/26 MP: 5/5
   822 | D:2      | Found Gaudghuti's Assorted Antiques.
   912 | D:2      | Found a faded altar of an unknown god.
  1319 | D:2      | Reached XP level 4. HP: 8/33 MP: 1/6
  1714 | D:3      | Noticed Terence
  1734 | D:3      | Killed Terence
  1740 | D:3      | Reached XP level 5. HP: 38/38 MP: 5/8
  1807 | D:3      | Found a sparkling altar of Nemelex Xobeh.
  1876 | D:3      | Found a radiant altar of Vehumet.
  1888 | D:3      | Found an ornate altar of the Wu Jian Council.
  2229 | D:3      | Found the brooch of Shielding {Spirit SH+8}
  2425 | D:3      | Learned a level 3 spell: Portal Projectile
  2430 | D:3      | Learned a level 4 spell: Cause Fear
  2494 | D:4      | Reached skill level 3 in Ranged Weapons
  2494 | D:4      | Reached XP level 6. HP: 46/46 MP: 9/9
  2538 | D:5      | Entered Level 5 of the Dungeon
  3026 | D:5      | Reached skill level 4 in Ranged Weapons
  3026 | D:5      | Reached XP level 7. HP: 52/52 MP: 11/11
  3067 | D:5      | Noticed a water moccasin
  3071 | D:5      | Killed a water moccasin
  3072 | D:5      | Reached skill level 5 in Hexes
  3140 | D:5      | Noticed Edmund
  3144 | D:5      | Killed Edmund
  3167 | D:5      | Found an ancient bone altar of Kikubaaqudgha.
  3169 | D:5      | Noticed a human
  3171 | D:5      | Killed a human
  3198 | D:5      | Reached XP level 8. HP: 60/60 MP: 13/13
  3587 | D:6      | Noticed a hornet
  3694 | D:6      | Reached skill level 5 in Ranged Weapons
  4188 | D:5      | Killed a hornet
  5371 | D:6      | You fall into a shaft and drop 1 floor!
  5539 | D:7      | Reached skill level 6 in Ranged Weapons
  5577 | D:7      | Reached XP level 9. HP: 61/66 MP: 13/15
  5832 | D:6      | Reached skill level 5 in Fighting
  6612 | D:7      | Found a stormy altar of Qazlal.
  6624 | D:7      | Reached skill level 7 in Ranged Weapons
  6703 | D:7      | Found a burning altar of Makhleb.
  6729 | D:7      | Found a shimmering blue altar of Sif Muna.
  6823 | D:7      | Found a broken altar of Ashenzari.
  6833 | D:6      | Noticed a rust devil
  6833 | D:6      | Noticed a rust devil
  6858 | D:7      | Became a worshipper of Qazlal Stormbringer
  6872 | D:7      | Found a staircase to the Ecumenical Temple.
  6891 | D:7      | Found Peuroups's Book Boutique.
  7012 | D:8      | Reached skill level 5 in Spellcasting
  7138 | D:8      | Found a hide-covered altar of Uskayaw.
  7168 | D:8      | Noticed a two-headed ogre
  7181 | D:8      | Killed a two-headed ogre
  7182 | D:8      | Reached skill level 5 in Dodging
  7182 | D:8      | Reached XP level 10. HP: 24/76 MP: 4/18
  7958 | D:8      | Found an opulent altar of Gozag.
  8009 | D:8      | Reached skill level 8 in Ranged Weapons
  9398 | D:9      | Found a runed translucent gate.
  9398 | D:9      | Found a runed translucent gate.
  9398 | D:9      | Found a runed translucent gate.
  9398 | D:9      | Noticed jovan2203's ghost (novice MiFi)
 10222 | D:9      | Reached skill level 9 in Ranged Weapons
 10398 | D:10     | Entered Level 10 of the Dungeon
 10588 | D:10     | Found a transporter.
 10624 | D:10     | Found a blossoming altar of Fedhas.
 10684 | D:11     | You fall into a shaft and drop 1 floor!
 10977 | D:12     | Noticed Erolcha
 10985 | D:11     | Noticed a rime drake
 11042 | D:11     | Reached XP level 11. HP: 29/84 MP: 19/20
 11296 | D:9      | Found a basalt altar of Yredelemnul.
 11465 | D:9      | Reached * piety under Qazlal
 12596 | D:10     | Found a shadowy altar of Dithmenos.
 12602 | D:10     | Found a runed translucent gate.
 12602 | D:10     | Noticed a ten-headed hydra
 12603 | D:10     | Found a runed translucent gate.
 12604 | D:10     | Found a runed translucent gate.
 12604 | D:10     | Noticed Touch's ghost (novice DjWr)
 12742 | D:10     | Found a sacrificial altar of Ru.
 12773 | D:10     | Reached skill level 10 in Ranged Weapons
 14043 | D:11     | Noticed a two-headed ogre
 14052 | D:11     | Killed a two-headed ogre
 14140 | D:11     | Noticed a cyclops
 14162 | D:11     | Killed a cyclops
 14444 | D:11     | Mangled by a polar bear

Illustrated notes

Levels and vault maps discovered:
D:1:      dpeg_arrival_pits, layout_basic, chequers_mini_garden,
          bh_walls_and_bars
D:2:      layout_loops_cross, serial_shops, shop_fountains,
          nicolae_ecumenical_snake_handling
D:3:      layout_basic, mainiacjoe_overflow_boulevard,
          mainiacjoe_overflow_large_starburst, serial_bayou,
          serial_bayou_lake_a, serial_bayou_pond_d, serial_bayou_pond_d,
          serial_bayou_crossing, st_stairs_12, uniq_terence
D:4:      layout_loops_ring, mainiacjoe_overflow_concentric_impassable,
          cheibrodos_sewer_entry_bend, minivault_27, uniq_robin
D:5:      layout_loops_ring, tgw_kikubaaqudgha, nicolae_titane, uniq_edmund
D:6:      cheibrodos_iron_armory, layout_rooms, hangedman_decor_peaks_small
D:7:      nicolae_cairo_tiling_very_big, layout_basic, lemuel_doored_altar,
          grunt_temple_overflow_open, minmay_temple_entry_from_below_b,
          serial_shops, nicolae_shop_advertising_works
          [nicolae_subvault_shop_adworks]
D:8:      layout_basic, mainiacjoe_overflow_tiny_flanked, amcnicky_altar_gilded,
          abandoned_shop, minmay_misc_feat_secret_circle,
          kennysheep_pointless_box
D:9:      layout_cave_pods, nicolae_yredelemnul_ghost_church,
          kennysheep_minor_cross, kennysheep_generic_room_3
D:10:     layout_irregular_city, mainiacjoe_overflow_catwalk, lemuel_tele_altar,
          hangedman_ru_absence, gammafunk_ghost_hydra_chop, dk_noncrumbling_4,
          nicolae_diode_basic
D:11:     layout_loops_ring, hellmonk_lair_entry_icy, david_orc_4, serial_glass,
          glass_columns_a, glass_columns_c, cheibrodos_ashenzari_chains
D:12:     layout_loops_ring, minmay_misc_feat_four_crosses, lemuel_flame_loot_1,
          uniq_erolcha, uniq_fannar, uniq_azrael

Skill      XL: |  1  2  3  4  5  6  7  8  9 10 11 |
---------------+----------------------------------+-----
Dodging        | 2 3 4 5 6 |  6.9
Hexes          | 4 5 6 7 8 9 |  9.3
Fighting       | 2 3 4 6 7 8 |  8.1
Spellcasting   | 2 3 4 5 6 7 |  7.2
Ranged Weapons | 3 4 6 7 9 10 | 10.3

Action                     |  1- 3 |  4- 6 |  7- 9 | 10-12 || total
---------------------------+-------+-------+-------+-------++-------
  Melee: Dagger            |       |    14 |    12 |    23 ||    49
         Spear             |       |       |       |    55 ||    55
         Punch             |       |       |       |     3 ||     3
   Fire: Sling             |    82 |   166 |   348 |   613 ||  1209
  Throw: Throwing net      |       |       |       |     1 ||     1
   Cast: Slow              |     7 |     5 |     1 |       ||    13
         Portal Projectile |       |       |     1 |     8 ||     9
         Cause Fear        |       |       |       |     6 ||     6
Ability: Shaft Self        |       |       |     1 |     1 ||     2
         Dig               |       |       |       |     1 ||     1
  Evoke: Wand              |       |     5 |    17 |    22 ||    44
    Use: Potion            |       |     6 |     4 |     8 ||    18
         Scroll            |       |     3 |    11 |     2 ||    16
 Armour: Robe              |     3 |    17 |    21 |    67 ||   108
         Skin              |       |     2 |    43 |    22 ||    67
  Dodge: Dodged            |    14 |    81 |   111 |   316 ||   522
  Block: Other             |       |    39 |   114 |   164 ||   317

Table legend: (Time is in decaauts)
 A = Elapsed time spent in this place.
 B = Non-inter-level travel time spent in this place.
 C = Inter-level travel time spent in this place.
 D = Time resting spent in this place.
 E = Time spent auto-exploring this place.
 F = Levels seen in this place.
 G = Mean time per level.
                   A        B        C        D        E       F      G
               +--------+--------+--------+--------+--------+-----+--------+
         Total |  14574 |  13597 |    977 |   4274 |   6931 |  12 | 1214.5 |
       Dungeon |  14574 |  13597 |    977 |   4274 |   6931 |  12 | 1214.5 |
               +--------+--------+--------+--------+--------+-----+--------+

Top non-repeatable levels by time:
     D:8: 2722 daAuts
     D:5: 2488 daAuts
     D:9: 2045 daAuts
    D:10: 1720 daAuts
     D:6: 1014 daAuts
     D:3: 992 daAuts
     D:7: 980 daAuts
     D:1: 823 daAuts
     D:2: 752 daAuts
    D:11: 667 daAuts
    D:12: 294 daAuts
     D:4: 72 daAuts
